AoeStats
← noob

Arena

510109150Analyzed
3v3 RM · 2d ago on Sep 29, 2026· 44m 27s· 6 players
Game mode
Random Map
Map size
Normal (6 player)
Population
200
Speed
Normal
Resources
Standard
Victory
Conquest
Starting age
Dark Age
Ending age
Imperial Age
RankedLock teamsTeams togetherTeam positionsShared explorationLock speedFull tech treeHidden civsTurbo modeCheats
Victory
Defeat
🇨🇳 Chinese · China
846
+13
🇩🇪 Shu · Germany
813
+15
🇷🇸 Byzantines · Serbia
672
+21
🇹🇼 Khmer · Taiwan
941
-23
🇭🇰 Hindustanis · Hong Kong SAR China
724
-14
🇨🇳 Huns · China
689
-12
S3r!ousLE3
10:47 Feudal Age
12:43 Double-Bit Axe
12:44 Horse Collar
16:40 Castle Age
18:11 Bow Saw
18:02 Heavy Plow
20:33 Town Watch
20:34 Loom
28:24 Imperial Age
26:02 Fletching
26:45 Bodkin Arrow
27:16 Gold Mining
28:17 Crossbowman
30:06 Wheelbarrow
30:47 Chemistry
29:55 Bracer
29:56 Padded Archer Armor
30:28 Conscription
30:34 Town Patrol
31:26 Siege Engineers
31:32 Fortified Wall
30:56 Arbalester
31:43 Thumb Ring
32:03 Ballistics
33:59 Bolt Magazine
34:22 Leather Archer Armor
41:12 Ring Archer Armor
40:55 Masonry
43:27 Elite White Feather Guard
44:08 Coiled Serpent Array
Seeker
10:42 Feudal Age
16:07 Castle Age
17:30 Double-Bit Axe
17:53 Horse Collar
19:16 Wheelbarrow
18:48 Gold Mining
22:58 Gold Shaft Mining
23:32 Scale Barding Armor
25:01 Stone Mining
30:18 Imperial Age
29:03 Hand Cart
30:21 Forging
33:26 Iron Casting
34:11 Chain Barding Armor
37:31 Plate Barding Armor
38:49 Elite Cataphract
43:30 Logistica
K.KasslanischerOrden
0:38 Loom
11:06 Feudal Age
18:16 Castle Age
16:40 Horse Collar
17:31 Stone Mining
18:52 Double-Bit Axe
21:27 Squires
21:49 Heavy Plow
24:11 Bow Saw
26:01 Gold Mining
28:36 Fortified Wall
28:08 Pikeman
33:14 Imperial Age
32:02 Stone Shaft Mining
31:20 Town Watch
32:13 Wheelbarrow
31:26 Town Watch
32:58 Great Wall
33:11 Husbandry
33:34 Ballistics
33:08 Fletching
33:19 Padded Archer Armor
34:16 Gold Shaft Mining
34:21 Conscription
34:26 Conscription
36:10 Hand Cart
35:59 Town Patrol
37:05 Two-Man Saw
36:30 Bodkin Arrow
36:46 Forging
38:01 Chemistry
38:07 Bracer
38:43 Iron Casting
38:09 Scale Mail Armor
38:25 Leather Archer Armor
38:24 Caravan
38:44 Bloodlines
39:06 Murder Holes
39:45 Rocketry
38:57 Halberdier
41:05 Blast Furnace
40:10 Arson
41:38 Chain Mail Armor
41:54 Heavy Rocket Cart
42:46 Thumb Ring
44:12 Ring Archer Armor
43:09 Capped Ram
43:11 Heavy Scorpion
43:28 Light Cavalry
way91439
11:18 Feudal Age
15:19 Castle Age
13:15 Horse Collar
13:41 Double-Bit Axe
15:25 Wheelbarrow
15:56 Light Cavalry
16:38 Husbandry
17:46 Heavy Plow
19:32 Bow Saw
20:31 Bloodlines
23:24 Hand Cart
23:10 Pikeman
29:06 Imperial Age
27:21 Gold Mining
27:21 Stone Mining
28:26 Forging
28:17 Scale Mail Armor
28:24 Scale Barding Armor
28:20 Padded Archer Armor
29:31 Hussar
31:01 Halberdier
32:46 Iron Casting
32:27 Chain Mail Armor
31:59 Capped Ram
35:36 Blast Furnace
34:56 Chain Barding Armor
39:26 Onager
41:16 Gold Shaft Mining
41:17 Stone Shaft Mining
44:12 Coinage
43:20 Elite Battle Elephant
干死6P
0:30 Loom
11:15 Feudal Age
17:50 Castle Age
27:38 Imperial Age
25:25 Double-Bit Axe
25:23 Horse Collar
26:16 Bow Saw
26:10 Heavy Plow
28:42 Husbandry
28:52 Bloodlines
29:47 Conscription
29:31 Grand Trunk Road
29:41 Scale Barding Armor
29:47 Forging
29:01 Heavy Camel Rider
30:58 Wheelbarrow
30:09 Town Watch
31:25 Imperial Camel Rider
32:31 Chain Barding Armor
32:47 Iron Casting
32:57 Gold Mining
35:13 Plate Barding Armor
39:30 Blast Furnace
noob
10:21 Feudal Age
10:59 Horse Collar
12:00 Double-Bit Axe
18:32 Castle Age
18:22 Scale Barding Armor
18:40 Forging
18:54 Stone Mining
18:59 Gold Mining
19:37 Heavy Plow
19:55 Bow Saw
20:57 Bloodlines
21:59 Husbandry
22:48 Chain Barding Armor
26:50 Iron Casting
26:19 Town Watch
29:44 Wheelbarrow
29:06 Loom
34:45 Imperial Age
35:01 Cavalier
36:18 Plate Barding Armor
36:48 Two-Man Saw
36:11 Ballistics
36:53 Chemistry
38:36 Blast Furnace
37:36 Elite Skirmisher
38:30 Fletching
38:41 Padded Archer Armor
40:48 Town Patrol
41:11 Conscription
41:10 Leather Archer Armor
43:07 Bodkin Arrow
Connection lost

Rejoining the realm…

Still unreachable

The connection could not be restored.

Session expired

The server has moved on; the page needs a fresh start.